 Dungeon Crawl Stone Soup version 0.27-a0-1188-g73eefd5def (webtiles) character file.

Game seed: 1286994602199129677

2030 MirrMurr the Covert (level 9, -1/45 HPs)
             Began as a Spriggan Enchanter on May 21, 2021.
             Was a Priest of Fedhas.
             Slain by a killer bee (6 damage)
             ... on level 7 of the Dungeon.
             The game lasted 00:17:39 (10377 turns).

MirrMurr the Covert (Spriggan Enchanter)           Turns: 10377, Time: 00:17:39

Health: -1/45      AC:  3    Str:  7    XL:     9   Next: 3%
Magic:  16/16      EV: 20    Int: 17    God:    Fedhas [***...]
Gold:   148        SH:  0    Dex: 15    Spells: 3/16 levels left

rFire    . . .     SeeInvis +   b - +2 dagger (venom)
rCold    . . .     Faith    .   (shield restricted)
rNeg     . . .     Spirit   .   h - +1 robe
rPois    .         Reflect  .   (helmet restricted)
rElec    .         Harm     .   (no cloak)
rCorr    .         Rampage  .   (gloves unavailable)
Will     +....                  (boots unavailable)
Stlth    ++++......             (no amulet)
HPRegen  0.15/turn              (no ring)
MPRegen  0.15/turn              (no ring)

@: lethally poisoned (-1 -> -9), studying Staves, very quick
A: very small, no large weapons, unfitting armour, see invisible, speed 3
a: Renounce Religion, Wall of Briars, Grow Ballistomycete


You were on level 7 of the Dungeon.
You worshipped Fedhas.
Fedhas was most pleased with you.
You visited 2 branches of the dungeon, and saw 8 of its levels.

You collected 320 gold pieces.
You spent 172 gold pieces at shops.

Inventory:

Hand Weapons
 a - a +2 rapier of venom
 b - a +2 dagger of venom (weapon)
Missiles
 f - 180 stones (quivered)
 j - a throwing net {!f}
 m - 41 sling bullets
Armour
 h - a +1 robe (worn)
Scrolls
 i - 3 scrolls of identify
 n - 4 scrolls of teleportation
Potions
 c - 2 potions of haste
 d - 2 potions of curing
 g - a potion of mutation
 k - 3 potions of flight
 l - 2 potions of heal wounds
 o - a potion of might


   Skills:
 + Level 3.9 Fighting
 - Level 5.0 Short Blades
 + Level 7.0 Dodging
 - Level 8.0 Stealth
 - Level 4.0 Spellcasting
 - Level 8.0 Hexes
 + Level 2.9 Invocations


You had 3 spell levels left.
You knew the following spells:

 Your Spells              Type           Power      Damage    Failure   Level
a - Ensorcelled Hibernat  Hex/Ice        34%        N/A       4%          2
b - Confusing Touch       Hex            30%        N/A       1%          3
c - Tukima's Dance        Hex            30%        N/A       1%          3
d - Dazzling Flash        Conj/Hex       34%        N/A       9%          3
A - Apportation           Tloc           6%         N/A       16%         1
C - Corona                Hex            33%        N/A       1%          1

Your spell library contained the following spells:

 Spells                   Type           Power      Damage    Failure   Level
 Summon Guardian Golem    Hex/Summ       17%        N/A       9%          3
 Animate Skeleton         Necr           6%         N/A       16%         1
 Summon Small Mammal      Summ           12%        N/A       16%         1
 Call Imp                 Summ           3%         N/A       24%         2
 Call Canine Familiar     Summ           3%         N/A       43%         3
 Summon Ice Beast         Ice/Summ       3%         N/A       83%         4
 Summon Lightning Spire   Summ/Air       3%         N/A       83%         4


Dungeon Overview and Level Annotations

Branches:
Dungeon (7/15)             Temple (1/1) D:7

Altars:
Ashenzari
Cheibriados
Dithmenos
Fedhas
Gozag
Hepliaklqana
Kikubaaqudgha
Nemelex Xobeh
Okawaru
Qazlal
Ru
Sif Muna
Trog
Uskayaw
Wu Jian
Xom
Yredelemnul
Zin
The Shining One

Shops:
D:1 (   D:2 [   D:5 [


Innate Abilities, Weirdness & Mutations

You are very small and have problems with some larger weapons.
You are too small for most types of armour.
You have supernaturally acute eyesight. (SInv)
You cover ground extremely quickly. (Speed+++)


Message History

Your experience leads to an increase in your attributes!
Increase (S)trength, (I)ntelligence, or (D)exterity?
You feel stronger.
You hit the killer bee.
The killer bee is poisoned.
The killer bee is lightly wounded.
You feel sick. The killer bee stings you.
You are more poisoned.
The killer bee poisons you!
You are too injured to fight recklessly!
You are too injured to fight recklessly!
You are too injured to fight recklessly!
You are too injured to fight recklessly!
You are too injured to fight recklessly!
You are too injured to fight recklessly!
You are too injured to fight recklessly!
You hit the killer bee but do no damage.
The killer bee looks even sicker.
The killer bee is lightly wounded.
You feel sick. The killer bee closely misses you. The killer bee misses you.
You barely miss the killer bee.
The killer bee is heavily wounded.
You feel sick. The killer bee stings you.
* * * LOW HITPOINT WARNING * * *
You hit the killer bee but do no damage.
The killer bee looks as sick as possible!
The killer bee is heavily wounded.
You feel sick.
You kill the killer bee!
Fedhas appreciates your contribution to the ecosystem.
The killer bee misses you.
Your Dodging skill increases to level 7!
You closely miss the killer bee. The killer bee stings you.
* * * LOW HITPOINT WARNING * * *
You are lethally poisoned!
The killer bee poisons you!
You completely miss the killer bee.
* * * LOW HITPOINT WARNING * * *
You feel sick. The killer bee stings you.
You die...
Fedhas appreciates your contribution to the ecosystem.

####.#
#.###..#####.####
.....# #.#
#.###.......# ######
#.###.# #.##.##.# #
#.....# #.##.##.# ##
###.### #.##.##.# .##
## #.# #.##.##.# ..#
##.# #.# #.##..#.# ...#
##...##.#####.##....###
...+
..........y@<.........+
...#
#.......#######...####
..## ##..##y.# #..##
.## # #...# #.## ##
#.#.# #.## # #.....#
#..# ###.### ##.# #.#
#.# #.# #.#


You could see a killer bee.

Vanquished Creatures
  A troll (D:5)
  Eustachio (D:4)
  A water moccasin (D:4)
  2 black bears
  4 ogres
  A centaur (D:7)
  A phantom (D:5)
  A bullfrog (D:7)
  3 scorpions
  A water moccasin zombie (D:5)
  3 water moccasin skeletons
  2 killer bees (D:7)
  2 centaur skeletons
  2 iguanas
  3 orc wizards
  2 hound skeletons
  2 adders
  2 howler monkey skeletons
  2 white imps
  2 ufetubi
  2 worms
  3 dart slugs
  12 orcs
  An endoplasm (D:1)
  3 giant cockroaches
  6 goblins
  6 hobgoblins
  10 jackals
  2 quokkas
  8 ball pythons
  10 bats
  5 frilled lizards
  10 kobolds
  6 rats
122 creatures vanquished.

Vanquished Creatures (others)
  4 plants (D:4)
4 creatures vanquished.

Grand Total: 126 creatures vanquished

Notes
Turn   | Place    | Note
-------+----------+-------------------------------------------
     0 | D:1      | MirrMurr the Spriggan Enchanter began the quest for the
                  | Orb.
     0 | D:1      | Reached XP level 1. HP: 9/9 MP: 5/5
   144 | D:1      | Found a faded altar of an unknown god.
   149 | D:1      | Became a worshipper of Fedhas Madash
   149 | D:1      | Reached * piety under Fedhas
   855 | D:1      | Reached XP level 2. HP: 13/13 MP: 6/6
   882 | D:1      | Learned a level 2 spell: Ensorcelled Hibernation
   967 | D:1      | Reached skill level 5 in Stealth
  1308 | D:1      | Found Alyfunn's Weapon Shoppe.
  1717 | D:1      | Reached XP level 3. HP: 10/16 MP: 5/8
  1721 | D:1      | Learned a level 3 spell: Confusing Touch
  1856 | D:1      | Reached ** piety under Fedhas
  2629 | D:2      | Found Pyajitwi's Antique Armour Emporium.
  3550 | D:2      | Reached XP level 4. HP: 21/21 MP: 6/9
  4883 | D:4      | Reached XP level 5. HP: 13/24 MP: 10/10
  5021 | D:4      | Learned a level 3 spell: Tukima's Dance
  5199 | D:4      | Noticed a water moccasin
  5267 | D:4      | Reached XP level 6. HP: 26/28 MP: 5/11
  5543 | D:4      | Reached skill level 5 in Short Blades
  5588 | D:4      | Reached *** piety under Fedhas
  6222 | D:4      | Killed a water moccasin
  6223 | D:4      | Reached skill level 5 in Hexes
  6304 | D:4      | Noticed Eustachio
  6313 | D:4      | Killed Eustachio
  6314 | D:4      | Reached XP level 7. HP: 24/32 MP: 12/14
  6424 | D:1      | Bought a +2 dagger of venom for 172 gold pieces
  6525 | D:5      | Entered Level 5 of the Dungeon
  6573 | D:5      | Noticed a troll
  7034 | D:5      | Found an iron altar of Okawaru.
  7047 | D:5      | Learned a level 3 spell: Dazzling Flash
  7049 | D:5      | Learned a level 1 spell: Apportation
  7431 | D:5      | Killed a troll
  7432 | D:5      | Reached skill level 1 in Fighting
  7432 | D:5      | Reached XP level 8. HP: 38/38 MP: 12/15
  7669 | D:5      | Found Qaryrayf's Armour Emporium.
  7748 | D:5      | Reached skill level 5 in Dodging
  8279 | D:6      | Found a broken altar of Ashenzari.
  8706 | D:6      | Reached skill level 1 in Invocations
  8965 | D:6      | Found a blossoming altar of Fedhas.
 10064 | D:7      | Found a staircase to the Ecumenical Temple.
 10139 | Temple   | Entered the Ecumenical Temple
 10372 | D:7      | Reached XP level 9. HP: 26/45 MP: 16/16
 10377 | D:7      | Slain by a killer bee

Illustrated notes

Levels and vault maps discovered:
D:1:      minmay_arrival_diagonal_passages, layout_loops_ring, serial_shops,
          shop, basic_ecumenical_altar, roderic_lattice_a, minmay_bisected
D:2:      layout_loops_ring, serial_shops, shop, minmay_tromino_v7
D:3:      layout_rooms
D:4:      layout_loops_ring, corexii_leaking_fountain, serial_bayou_pond_d,
          st_stairs_10, uniq_eustachio
D:5:      layout_basic, okawaru_ov_weapons_minmay, serial_shops,
          kennysheep_little_box, minmay_manual_mess
D:6:      layout_basic, overflow_temple_1_default, overflow_temple_1_default
D:7:      layout_loops_corners, bloody_makhleb, elyvilon_altar_4,
          minmay_temple_entry_overgrown, hangedman_decor_slide_cut
Temple:   regret_index_temple_sphere_string

Skill      XL: |  1  2  3  4  5  6  7  8  9 |
---------------+----------------------------+-----
Stealth        | 5 6 7 8 |  8.0
Short Blades   | 2 3 4 5 |  5.0
Spellcasting   | 4 |  4.0
Hexes          | 6 8 |  8.0
Fighting       | 1 3 |  3.9
Dodging        | 4 6 7 |  7.0
Invocations    | 2 |  2.9

Action                   |  1- 3 |  4- 6 |  7- 9 || total
-------------------------+-------+-------+-------++-------
Melee: Dagger            |   195 |    39 |    50 ||   284
       Rapier            |       |   101 |    80 ||   181
Throw: Stone             |       |     1 |     1 ||     2
 Cast: Ensorcelled Hiber |    12 |     8 |    23 ||    43
       Confusing Touch   |       |     2 |     6 ||     8
  Use: Scroll            |     6 |     2 |     8 ||    16
       Potion            |       |     1 |       ||     1
 Stab: Sleeping          |    15 |    11 |    10 ||    36
       Confused          |       |     2 |     6 ||     8
       Distracted        |       |     1 |       ||     1
Armor: Robe              |    27 |    14 |    18 ||    59
Dodge: Dodged            |   166 |   122 |   114 ||   402

Table legend: (Time is in decaauts)
 A = Elapsed time spent in this place.
 B = Non-inter-level travel time spent in this place.
 C = Inter-level travel time spent in this place.
 D = Time resting spent in this place.
 E = Time spent auto-exploring this place.
 F = Levels seen in this place.
 G = Mean time per level.
                   A        B        C        D        E       F      G
               +--------+--------+--------+--------+--------+-----+--------+
         Total |   8221 |   7867 |    354 |   1590 |   5086 |   8 | 1027.6 |
       Dungeon |   8114 |   7772 |    342 |   1590 |   4993 |   7 | 1159.1 |
        Temple |    107 |     95 |     12 |      0 |     92 |   1 |  107.0 |
               +--------+--------+--------+--------+--------+-----+--------+

Top non-repeatable levels by time:
     D:1: 2102 daAuts
     D:4: 1568 daAuts
     D:2: 1090 daAuts
     D:5: 1036 daAuts
     D:6: 877 daAuts
     D:3: 765 daAuts
     D:7: 672 daAuts
  Temple: 107 daAuts
